 Dungeon Crawl Stone Soup version 0.25-a0-505-gae4569222e (webtiles) character file.

Game seed: 17643733882659249631, levelgen mode: deterministic

309 kae the Insei (level 6, -14/48 HPs)
             Began as a Demonspawn Gladiator on Feb 14, 2020.
             Demolished by an ogre
             ... wielding a +0 giant club
              (15 damage)
             ... on level 5 of the Dungeon.
             The game lasted 00:04:42 (4117 turns).

kae the Insei (Demonspawn Gladiator)                Turns: 4117, Time: 00:04:43

Health: -14/48     AC:  7    Str: 15    XL:     6   Next: 17%
Magic:  6/6        EV: 13    Int:  9    God:
Gold:   220        SH:  0    Dex: 16    Spells: 5/5 levels left

rFire    . . .     SeeInvis .     - Unarmed
rCold    . . .     Gourm    .   (no shield)
rNeg     + . .     Faith    .   a - +1 leather armour
rPois    .         Spirit   .   q - +2 helmet
rElec    .         Reflect  .   (no cloak)
rCorr    .         Harm     .   (no gloves)
MR       .....                  (no boots)
Stlth    ++........             (no amulet)
HPRegen  0.16/turn              n - ring of positive energy
MPRegen  0.10/turn              m - ring of stealth

@: no status effects
A: powered by death 1, rot immunity, sturdy frame 1
a: no special abilities


You were on level 5 of the Dungeon.
You were not hungry.

You visited 1 branch of the dungeon, and saw 5 of its levels.

You collected 220 gold pieces.

Inventory:

Missiles
 c - 6 throwing nets (quivered)
Armour
 a - a +1 leather armour (worn)
 q - a +2 helmet (worn)
Jewellery
 g - an uncursed ring of fire
 h - an uncursed ring of ice
 m - a ring of stealth (right hand)
 n - a ring of positive energy (left hand)
Wands
 s - a wand of digging (4)
Scrolls
 e - a scroll of blinking
 i - 2 scrolls of magic mapping
 j - a scroll of remove curse
 k - 2 scrolls of enchant armour
 o - 2 scrolls of teleportation
Potions
 b - a potion of lignification
 f - 2 potions of heal wounds {unknown}
 l - 2 potions of resistance
 r - 2 potions of curing
Comestibles
 d - 7 rations
 p - 2 chunks of flesh


   Skills:
 + Level 3.9 Fighting
 - Level 1.7 Throwing
 - Level 3.0 Dodging
 * Level 5.3 Unarmed Combat


You had 5 spell levels left.
You didn't know any spells.
Your spell library was empty.

Dungeon Overview and Level Annotations

Branches:
Dungeon (5/15)
 Temple: D:4-7

Altars:
Ashenzari
Kikubaaqudgha
Nemelex Xobeh

Shops:
D:4 (

Annotations:
D:4 exclusion: ogre


Innate Abilities, Weirdness & Mutations

You regenerate a little health from kills.
You are immune to rotting.
Your movements are slightly less encumbered by armour. (ER -2)


Message History

The ogre barely misses you.
You hit the ogre but do no damage.
The ogre is heavily wounded.
You hit the ogre but do no damage.
The ogre is heavily wounded.
The ogre completely misses you.
You barely miss the ogre.
The ogre is heavily wounded.
The ogre closely misses you.
You hit the ogre.
The ogre is heavily wounded.
You barely miss the ogre.
The ogre is heavily wounded.
The ogre hits you with a +0 giant club!!
Ouch! That really hurt!
* * * LOW HITPOINT WARNING * * *
You hit the ogre.
The ogre is severely wounded.
The ogre hits you with a +0 giant club!
You die...

..#........##.##....########.#
....................########.#
....#.........##...........#.#
...##.#.#..##.##.#..##.#####.#
.>......#..##.# #.#
..............#####.###
......................#
.......##.###.#########
......O@.)# ### .......##.#
......# #.# #..... ..# ...<.
#.# ..... #.# .... #.# .... ..


You could see an ogre.

Vanquished Creatures
  A gnoll shaman (D:5)
  An iguana (D:3)
  6 gnolls (D:5)
  A howler monkey skeleton (D:4)
  5 adders
  2 oozes
  3 adder skeletons (D:4)
  6 worms
  2 dart slugs
  3 leopard geckos
  3 orcs
  A ball python (D:3)
  7 giant cockroaches
  9 goblins
  12 hobgoblins
  4 jackals (D:4)
  8 kobolds
  3 quokkas
  12 bats
  6 frilled lizards
  A jackal skeleton (D:5)
  A leopard gecko skeleton (D:4)
  7 rats
104 creatures vanquished.

Notes
Turn   | Place    | Note
-------+----------+-------------------------------------------
     0 | D:1      | kae the Demonspawn Gladiator began the quest for the Orb.
     0 | D:1      | Reached XP level 1. HP: 16/16 MP: 1/1
    48 | D:1      | Found a shattered altar of Ashenzari.
   193 | D:1      | Reached skill level 3 in Unarmed Combat
   216 | D:1      | Gained mutation: You are immune to rotting. [demonic
                  | ancestry]
   216 | D:1      | Reached XP level 2. HP: 22/22 MP: 2/2
   986 | D:2      | Gained mutation: You regenerate a little health from kills.
                  | [demonic ancestry]
   986 | D:2      | Reached XP level 3. HP: 28/28 MP: 3/3
  1369 | D:2      | Reached XP level 4. HP: 25/34 MP: 4/4
  1782 | D:3      | Reached skill level 4 in Unarmed Combat
  2366 | D:3      | Reached XP level 5. HP: 30/41 MP: 5/5
  2406 | D:3      | Found a sparkling altar of Nemelex Xobeh.
  3127 | D:4      | Found Ygyxetaa's Antique Weapon Boutique.
  3545 | D:4      | Found an ancient bone altar of Kikubaaqudgha.
  3791 | D:4      | Noticed an ogre
  3913 | D:5      | Entered Level 5 of the Dungeon
  3931 | D:5      | Reached skill level 5 in Unarmed Combat
  4035 | D:5      | Gained mutation: Your movements are slightly less
                  | encumbered by armour. (ER -2) [demonic ancestry]
  4035 | D:5      | Reached XP level 6. HP: 21/48 MP: 6/6
  4116 | D:5      | HP: 1/48 [ogre/+0 giant club (24)]
  4117 | D:5      | Demolished by an ogre

Levels and vault maps discovered:
D:1:      eino_arrival_cavern_d, layout_basic, serial_park_tiny_1,
          nicolae_ashenzari_panopticon
D:2:      layout_loops_ring
D:3:      layout_basic, lemuel_crystal_altar, first_ration,
          guppyfry_early_orc_mine
D:4:      layout_basic, kiku_gazebo_pond_becter, serial_shops,
          nicolae_shop_crystal
D:5:      layout_basic, tso_altar, lemuel_coloured_pillars_altar,
          enter_ossuary_4, serial_shops, nicolae_shop_behind_doors

Skill      XL: |  1  2  3  4  5 |
---------------+----------------+-----
Unarmed Combat | 3 4 5 |  5.3
Dodging        | 3 |  3.0
Fighting       | 3 |  3.9
Throwing       | |  1.7

Action                   |  1- 3 |  4- 6 || total
-------------------------+-------+-------++-------
Melee: Unarmed           |   178 |   295 ||   473
       Punch             |       |     5 ||     5
  Use: Scroll            |       |    13 ||    13
       Potion            |       |     3 ||     3
 Stab: Sleeping          |     2 |     2 ||     4
  Eat: Chunk             |     1 |    10 ||    11
Armor: Leather armour    |    49 |    83 ||   132
Dodge: Dodged            |   126 |   236 ||   362

Table legend:
 A = Non-vault XP
 B = Vault XP
 C = Vault XP percentage of total XP
 D = Non-vault monster count
 E = Vault monster count
 F = Vault count percentage of total count
                 A         B        C        D         E       F
            +---------+---------+-------+---------+---------+-------
      Total |     425 |      17 |   3.8 |      97 |       7 |   6.7
            +---------+---------+-------+---------+---------+-------
        D:1 |      40 |       0 |   0.0 |      23 |       0 |   0.0
        D:2 |      75 |       8 |   9.6 |      23 |       3 |  11.5
        D:3 |     116 |       9 |   7.2 |      26 |       4 |  13.3
        D:4 |      68 |       0 |   0.0 |      17 |       0 |   0.0
        D:5 |     126 |       0 |   0.0 |       8 |       0 |   0.0
            +---------+---------+-------+---------+---------+-------
